 Dungeon Crawl Stone Soup version 0.26-a0-8-gc4d20be10f (webtiles) character file.

Game seed: 18294589862257948611, levelgen mode: deterministic

44391 HoaS the Brawler (level 14, -3/148 HPs)
             Began as a Gargoyle Berserker on May 24, 2020.
             Was a High Priest of Trog.
             Slain by a tyrant leech (6 damage)
             ... on level 6 of the Lair of Beasts.
             The game lasted 00:43:01 (18604 turns).

HoaS the Brawler (Gargoyle Berserker)              Turns: 18604, Time: 00:43:01

Health: -3/148     AC: 27    Str: 25    XL:     14   Next: 28%
Magic:  14/14      EV: 11    Int:  9    God:    Trog [*****.]
Gold:   936        SH:  0    Dex:  9    Spells: 13/13 levels left

rFire    + . .     SeeInvis .     - Unarmed
rCold    . . .     Gourm    .   (no shield)
rNeg     + . .     Faith    .   s - +0 plate armour
rPois    ∞         Spirit   .   (no helmet)
rElec    +         Reflect  .   (no cloak)
rCorr    .         Harm     .   c - +1 pair of gloves
MR       +....                  j - +1 pair of boots
Stlth    ..........             (no amulet)
HPRegen  0.34/turn              w - ring of protection from fire
MPRegen  0.14/turn              H - +4 ring of evasion

@: berserking, flying, slowed
A: big wings, negative energy resistance 1, electricity resistance, unbreathing,
petrification resistance, rot immunity, AC +10
a: Stop Flying, Berserk, Trog's Hand, Brothers in Arms, Renounce Religion


You were on level 6 of the Lair of Beasts.
You worshipped Trog.
Trog was extremely pleased with you.
You were hungry.

You visited 2 branches of the dungeon, and saw 16 of its levels.

You collected 936 gold pieces.

Inventory:

Missiles
 h - 2 boomerangs
 A - 2 throwing nets (quivered)
 C - 46 poisoned darts
 K - 2 curare-tipped darts
Armour
 c - a +1 pair of gloves (worn)
 j - a +1 pair of boots (worn)
 s - a +0 plate armour (worn)
Jewellery
 o - an uncursed ring of see invisible
 t - an uncursed ring of protection from cold
 w - a ring of protection from fire (left hand)
 E - an uncursed ring of fire
 H - a +4 ring of evasion (right hand)
 M - an uncursed ring of protection from fire
Wands
 p - a wand of random effects (42)
 q - a wand of flame (45)
 v - a wand of paralysis (14)
 z - a wand of digging (14)
 D - a wand of iceblast (29)
 F - a wand of polymorph (8)
Scrolls
 a - 5 scrolls of remove curse
 g - 7 scrolls of teleportation
 l - 3 scrolls of enchant armour
 x - 4 scrolls of identify
 y - a scroll of blinking
 B - 2 scrolls of magic mapping
 L - a scroll of fear {unknown}
Potions
 d - 3 potions of lignification
 e - 3 potions of heal wounds
 f - a potion of cancellation
 i - 10 potions of curing
 k - 2 potions of ambrosia
 m - a potion of stabbing {unknown}
 n - 2 potions of might
 r - 4 potions of flight
 u - 6 potions of haste
 G - a potion of mutation {unknown}
 J - a potion of resistance {unknown}
Comestibles
 b - 33 rations
 I - 3 chunks of flesh


   Skills:
 + Level 15.8 Fighting
 - Level 6.0 Armour
 - Level 1.5 Dodging
 * Level 17.8 Unarmed Combat


You had 13 spell levels left.
You didn't know any spells.
Your spell library was empty.

Dungeon Overview and Level Annotations

Branches:
Dungeon (10/15)            Temple (0/1) D:5            Lair (6/6) D:8
  Swamp (0/4) Lair:2       Spider (0/4) Lair:2        Slime (0/5) Lair:6
    Orc: D:9-12

Altars:
Cheibriados
Dithmenos
Hepliaklqana
Kikubaaqudgha
Okawaru
Xom

Shops:
D:7 :(

Annotations:
Lair:2 exclusion: 4 oklob plants
Lair:5 exclusion: oklob plant
Lair:6 1 runed translucent door


Innate Abilities, Weirdness & Mutations

You are resistant to torment.
Your stone body is resilient. (AC +10)
You are immune to poison.
Your large and strong wings let you fly indefinitely.
You resist negative energy. (rN+)
You are resistant to electric shocks. (rElec)
You can survive without breathing.
You are immune to petrification.
You are immune to rotting.


Message History

The hornet stings you but does no damage.
The tyrant leech bites you!
* * * LOW HITPOINT WARNING * * *
You completely miss the tyrant leech. The hornet closely misses you.
The tyrant leech bites you but does no damage.
Your plate armour prevents you from hitting the tyrant leech.
The hornet stings you.
* * * LOW HITPOINT WARNING * * *
You punch the tyrant leech!
The tyrant leech is moderately wounded.
The hornet closely misses you.
The tyrant leech bites you but does no damage.
You barely miss the tyrant leech.
The tyrant leech is moderately wounded.
The hornet stings you but does no damage.
You squash the tyrant leech like an ant!!!
The tyrant leech is almost dead.
The hornet stings you but does no damage.
The tyrant leech bites you.
You die...

..## ##...#.##...## .##
####....#...#.# ..#
#.#.......###### ###
##....P.#.# ..## ##
###.....##.## ...# .#
###.....###### ..#
#####.....#..#### ###..#
.#.#.....##....P###...[#
..†....#####....@ww...##
#.P.#### #####.y..###
##### ######


You could see a tyrant leech, a torpor snail and a hornet.

Vanquished Creatures
  Erolcha (D:10)
  3 hydras
  2 two-headed ogres
  Pikel (D:5)
  2 lindwurms (Lair:6)
  Joseph (D:8)
  3 black mambas
  9 elephants (Lair:3)
  5 torpor snails (Lair:6)
  Maggie (D:6)
  12 spiny frogs
  3 rime drakes
  8 komodo dragons
  A troll (D:10)
  3 jumping spiders (Lair:2)
  A queen bee (Lair:2)
  6 hornets (Lair:6)
  2 tyrant leeches (Lair:6)
  A polar bear (Lair:4)
  7 dream sheep (Lair:6)
  10 blink frogs
  14 hippogriffs
  5 redbacks (Lair:2)
  4 wyverns
  51 yaks
  Grum (D:8)
  3 basilisks
  14 water moccasins
  8 porcupines
  2 orc warriors
  2 ice beasts (D:9)
  4 slaves (D:5)
  3 sky beasts
  5 ogres
  A black bear (D:10)
  13 wolves
  2 centaurs
  A phantom (D:8)
  7 crocodiles
  3 big kobolds
  9 bullfrogs
  3 scorpions
  31 killer bees
  4 wights (D:7)
  A bullfrog zombie (D:5)
  3 crimson imps
  9 orc wizards
  5 hounds
  6 orc priests
  2 bullfrog skeletons
  A centaur skeleton (D:5)
  7 hell rats
  An iguana (D:10)
  8 worker ants
  2 hound skeletons
  A worker ant zombie (D:7)
  7 gnolls
  A howler monkey skeleton (D:5)
  9 adders
  4 shadow imps
  4 oozes
  An adder skeleton (D:7)
  A worm (D:8)
  5 dart slugs
  11 leopard geckos
  33 orcs
  11 bats
  5 giant cockroaches
  4 goblins
  10 hobgoblins
  13 jackals
  6 quokkas
  6 frilled lizards
  A jackal skeleton (D:7)
  18 kobolds
  3 rats
  A butterfly (D:9)
  A plant (Lair:4)
473 creatures vanquished.

Vanquished Creatures (others)
  An orc (D:5)
  A leopard gecko skeleton (D:5)
  21 fungi
  12 plants
  5 toadstools (D:1)
40 creatures vanquished.

Grand Total: 513 creatures vanquished

Notes
Turn   | Place    | Note
-------+----------+-------------------------------------------
     0 | D:1      | HoaS the Gargoyle Berserker began the quest for the Orb.
     0 | D:1      | Reached XP level 1. HP: 14/14 MP: 1/1
    59 | D:1      | Reached XP level 2. HP: 11/19 MP: 2/2
   448 | D:1      | Reached XP level 3. HP: 24/24 MP: 3/3
   782 | D:1      | Reached ** piety under Trog
   948 | D:1      | Reached skill level 4 in Unarmed Combat
  1092 | D:2      | You fall into a shaft and drop 1 floor!
  1184 | D:3      | Reached XP level 4. HP: 29/29 MP: 4/4
  1880 | D:3      | Reached XP level 5. HP: 34/34 MP: 5/5
  1939 | D:3      | Reached skill level 5 in Unarmed Combat
  2052 | D:3      | Reached *** piety under Trog
  2565 | D:4      | Reached XP level 6. HP: 36/40 MP: 6/6
  2766 | D:4      | Found a hazy altar of Hepliaklqana.
  2768 | D:4      | Found a shadowy altar of Dithmenos.
  2768 | D:4      | Noticed a shadow
  2777 | D:4      | Reached skill level 5 in Fighting
  2824 | D:4      | Reached skill level 6 in Unarmed Combat
  2970 | D:4      | Reached XP level 7. HP: 39/44 MP: 7/7
  3539 | D:5      | Entered Level 5 of the Dungeon
  3735 | D:5      | Noticed Pikel
  3776 | D:5      | Killed Pikel
  3776 | D:5      | Reached skill level 8 in Unarmed Combat
  3776 | D:5      | Reached XP level 8. HP: 49/52 MP: 8/8
  4143 | D:5      | Reached **** piety under Trog
  4352 | D:5      | Found a staircase to the Ecumenical Temple.
  4558 | D:5      | Reached skill level 9 in Unarmed Combat
  4909 | D:6      | Reached XP level 9. HP: 58/58 MP: 9/9
  5255 | D:6      | Noticed Maggie
  5270 | D:6      | Killed Maggie
  5270 | D:6      | Reached skill level 10 in Unarmed Combat
  5778 | D:7      | Found Kobec's Book Emporium.
  5846 | D:7      | Found Gohogg's Weapon Boutique.
  6143 | D:7      | Reached ***** piety under Trog
  6187 | D:7      | Found an ancient bone altar of Kikubaaqudgha.
  6187 | D:7      | Found an iron altar of Okawaru.
  6267 | D:7      | Reached skill level 11 in Unarmed Combat
  6756 | D:8      | Noticed Grum
  6769 | D:8      | Killed Grum
  6769 | D:8      | Reached XP level 10. HP: 40/66 MP: 10/10
  6971 | D:8      | Found a staircase to the Lair.
  6990 | D:8      | Noticed Joseph
  7010 | D:8      | Killed Joseph
  7058 | D:8      | Got a scorched chain mail
  7059 | D:8      | Identified the cursed +1 chain mail of Lucidity {rN+} (You
                  | found it on level 8 of the Dungeon)
  7137 | D:8      | Reached skill level 12 in Unarmed Combat
  7490 | D:8      | Noticed a two-headed ogre
  7497 | D:8      | Killed a two-headed ogre
  7497 | D:8      | Reached skill level 10 in Fighting
  7541 | D:8      | Found a snail-covered altar of Cheibriados.
  8281 | D:9      | Found a shimmering altar of Xom.
  8498 | D:10     | Entered Level 10 of the Dungeon
  8659 | D:10     | Noticed Erolcha
  8700 | D:10     | Killed Erolcha
  8700 | D:10     | Reached XP level 11. HP: 63/76 MP: 11/11
  8997 | D:10     | Noticed a two-headed ogre
  9013 | D:10     | Killed a two-headed ogre
  9331 | Lair:1   | Entered Level 1 of the Lair of Beasts
  9526 | Lair:1   | Received a gift from Trog
  9740 | Lair:1   | Reached skill level 13 in Unarmed Combat
 10283 | Lair:2   | Reached skill level 5 in Armour
 10335 | Lair:2   | Found a staircase to the Swamp.
 10599 | Lair:2   | Noticed a seven-headed hydra
 10609 | Lair:2   | Killed a seven-headed hydra
 10706 | Lair:2   | Found a hole to the Spider Nest.
 11515 | Lair:1   | Reached XP level 12. HP: 74/84 MP: 12/12
 11866 | Lair:2   | Reached skill level 14 in Unarmed Combat
 12210 | Lair:2   | Received a gift from Trog
 13149 | Lair:3   | Reached skill level 15 in Unarmed Combat
 14333 | Lair:4   | Reached XP level 13. HP: 72/90 MP: 13/13
 15406 | Lair:5   | Reached skill level 16 in Unarmed Combat
 15899 | Lair:5   | Received a gift from Trog
 17014 | Lair:6   | Entered Level 6 of the Lair of Beasts
 17103 | Lair:6   | Reached skill level 15 in Fighting
 17367 | Lair:6   | Found a staircase to the Slime Pits.
 17496 | Lair:6   | Reached skill level 17 in Unarmed Combat
 17830 | Lair:6   | Gained mutation: Your large and strong wings let you fly
                  | indefinitely. [Gargoyle growth]
 17830 | Lair:6   | Reached XP level 14. HP: 84/98 MP: 14/14
 18146 | Lair:6   | Got a twitching jade ring
 18148 | Lair:6   | Identified the ring of Fedhas's Castigation {+Fly Int+5
                  | Dex-5 SInv} (You found it on level 6 of the Lair of Beasts)
 18192 | Lair:6   | Found a runed translucent door.
 18598 | Lair:6   | Received a gift from Trog
 18601 | Lair:6   | HP: 2/148 [hornet (6)]
 18604 | Lair:6   | Slain by a tyrant leech

Illustrated notes

Levels and vault maps discovered:
D:1:      ldierk_walled_garden, layout_loops_ring
D:2:      layout_loops_ring, st_stairs_4
D:3:      layout_rooms, minivault_27
D:4:      layout_loops_ring, riverfiend_overflow_shadow_ancestor,
          portal_sewer_entry_f, minmay_misc_feat_doors
D:5:      layout_basic, minmay_temple_entry_statues_fountains, first_ration,
          uniq_pikel
D:6:      layout_loops_ring, uniq_maggie
D:7:      layout_basic, gammafunk_temple_overflow_wave, serial_shops, shop,
          nicolae_shop_stone
D:8:      layout_loops_cross, slow_altar_2, dpeg_oklobed_lair,
          nicolae_benzene_ring, uniq_grum, uniq_joseph
D:9:      layout_loops_cross, xom_butterflies
D:10:     layout_rooms, uniq_erolcha
Lair:1:   layout_chaotic_city, minivault_23
Lair:2:   hangedman_what_comes_after_a, layout_layer_cave, swamp_mist_pool,
          nicolae_spider_entry_tight_spaces, lemuel_fruit_fields
Lair:3:   layout_long_grid, serial_bayou_pond_a
Lair:4:   layout_loops_ring, chequers_serial_rivers_large_a
Lair:5:   layout_regular_city, beast_lair_carwin_4, grunt_megastairs_4,
          serial_bayou_shore_b, lemuel_fruit_fields
Lair:6:   wormcave, layout_regular_city, slime_dummy,
          infiniplex_staircase_pool_2, grunt_megastairs_5

Skill      XL: |  1  2  3  4  5  6  7  8  9 10 11 12 13 |
---------------+----------------------------------------+-----
Unarmed Combat | 4 5 6 8 9 11 12 13 15 17 | 17.8
Fighting       | 4 5 6 7 9 12 13 14 15 | 15.8
Armour         | 3 6 |  6.0
Dodging        | |  1.5

Action                   |  1- 3 |  4- 6 |  7- 9 | 10-12 | 13-15 || total
-------------------------+-------+-------+-------+-------+-------++-------
Melee: Unarmed           |   141 |   290 |   502 |   775 |   571 ||  2279
       Punch             |     2 |     8 |    17 |    30 |    30 ||    87
Invok: Trog's Hand       |       |     1 |     2 |     1 |       ||     4
       Berserk           |       |     1 |     2 |     1 |     1 ||     5
 Abil: Fly               |       |       |       |       |     1 ||     1
  Use: Scroll            |       |     4 |    15 |     5 |     1 ||    25
 Stab: Distracted        |       |       |     1 |       |       ||     1
  Eat: Chunk             |     1 |     8 |    15 |    22 |    15 ||    61
       Ration            |       |       |       |     1 |       ||     1
Armor: Animal skin       |    13 |       |       |       |       ||    13
       Ring mail         |    40 |       |       |       |       ||    40
       Chain mail        |    10 |   158 |   203 |       |       ||   371
       Swamp dragon scal |       |       |    43 |       |       ||    43
       Plate armour      |       |       |    26 |   586 |   331 ||   943
Dodge: Dodged            |    96 |   131 |   209 |   272 |   195 ||   903

Table legend:
 A = Non-vault XP
 B = Vault XP
 C = Vault XP percentage of total XP
 D = Non-vault monster count
 E = Vault monster count
 F = Vault count percentage of total count
                 A         B        C        D         E       F
            +---------+---------+-------+---------+---------+-------
      Total |   41369 |   22047 |  34.8 |     355 |     112 |  24.0
            +---------+---------+-------+---------+---------+-------
        D:1 |      52 |       0 |   0.0 |      26 |       0 |   0.0
        D:2 |      46 |      20 |  30.3 |      16 |       2 |  11.1
        D:3 |     127 |       0 |   0.0 |      28 |       0 |   0.0
        D:4 |     472 |      13 |   2.7 |      16 |       5 |  23.8
        D:5 |     750 |     641 |  46.1 |      33 |       1 |   2.9
        D:6 |     522 |     398 |  43.3 |      17 |       1 |   5.6
        D:7 |    1156 |       0 |   0.0 |      32 |       0 |   0.0
        D:8 |    2136 |     889 |  29.4 |      22 |       5 |  18.5
        D:9 |    1522 |       0 |   0.0 |      17 |       0 |   0.0
       D:10 |    2413 |    1033 |  30.0 |      18 |       1 |   5.3
     Lair:1 |    2327 |     791 |  25.4 |      10 |       6 |  37.5
     Lair:2 |    2102 |    7336 |  77.7 |       8 |      54 |  87.1
     Lair:3 |    5816 |       0 |   0.0 |      19 |       0 |   0.0
     Lair:4 |    2686 |    1677 |  38.4 |      17 |       7 |  29.2
     Lair:5 |    6924 |    2798 |  28.8 |      30 |      12 |  28.6
     Lair:6 |   12318 |    6451 |  34.4 |      46 |      18 |  28.1
            +---------+---------+-------+---------+---------+-------
